 Dungeon Crawl Stone Soup version 0.29-a0-1008-g949cc1d0fb (webtiles) character file.

Game seed: 5497948150202854650

383 RaHiT the Covered (level 7, -3/60 HPs)
             Began as a Meteoran Fighter on Aug 7, 2022.
             Slain by an ogre
             ... wielding a +0 giant spiked club
              (13 damage)
             ... on level 4 of the Dungeon.
             The game lasted 00:10:34 (2013 turns).

RaHiT the Covered (Meteoran Fighter)                Turns: 2013, Time: 00:10:34

Health: -3/60      AC:  8    Str: 19    XL:     7   Next: 27%
Magic:  8/8        EV:  9    Int: 10    God:
Gold:   181        SH:  5    Dex: 14    Spells: 6/6 levels left

rFire   . . .      SeeInvis .   a - +0 war axe
rCold   . . .      Faith    .   c - +0 buckler
rNeg    . . .      Spirit   .   b - +0 scale mail
rPois   .          Reflect  .   (no helmet)
rElec   .          Harm     .   (no cloak)
rCorr   .          Rampage  .   (no gloves)
Will    .....                   i - +0 pair of boots
Stlth   ..........              (no amulet)
HPRegen 0.20/turn               (no ring)
MPRegen 0.11/turn               (no ring)

@: glowing
A: sense surroundings 1, otherworldly, glowing, explore regen
a: no special abilities


You were on level 4 of the Dungeon.
You visited 1 branch of the dungeon, and saw 4 of its levels.

You collected 181 gold pieces.

Inventory:

Hand Weapons
 a - a +0 war axe (weapon)
Missiles
 j - 10 poisoned darts (quivered)
 q - a throwing net
 s - 6 javelins
Armour
 b - a +0 scale mail (worn)
 c - a +0 buckler (worn)
 i - a +0 pair of boots (worn)
 x - a +1 leather armour of fire resistance
Jewellery
 t - a ring of magical power
Scrolls
 e - 2 scrolls of summoning
 f - a scroll of amnesia
 h - 2 scrolls of teleportation {unknown}
 k - 2 scrolls of fear {unknown}
 l - 2 scrolls of enchant armour {unknown}
 m - a scroll of magic mapping
 n - 2 scrolls of poison
 p - 2 scrolls of vulnerability
 v - a scroll of enchant weapon
 w - 3 scrolls of noise {unknown}
Potions
 d - 2 potions of might
 g - 2 potions of mutation
 o - a potion of curing
 r - a potion of flight
 u - a potion of heal wounds


   Skills:
 * Level 4.9 Fighting
 * Level 4.5 Axes
 + Level 2.3 Throwing
 * Level 5.3 Armour
 - Level 4.0 Shields
 + Level 2.3 Evocations


You had 6 spell levels left.
You didn't know any spells.
Your spell library contained the following spells:

 Spells                   Type           Power      Damage    Failure   Level
 Sandblast                Erth           0%         2d4       80%         1
 Slow                     Hex            0%         N/A       80%         1
 Ensorcelled Hibernation  Hex/Ice        0%         N/A       91%         2
 Passwall                 Tmut/Erth      0%         N/A       91%         2
 Confusing Touch          Hex            0%         N/A       99%         3
 Inner Flame              Hex/Fire       0%         N/A       99%         3
 Stone Arrow              Conj/Erth      0%         3d7       99%         3
 Swiftness                Air            0%         N/A       99%         3
 Vampiric Draining        Necr           0%         2d6       99%         3
 Cause Fear               Hex            0%         N/A       100%        4
 Discord                  Hex            0%         N/A       100%        8


Dungeon Overview and Level Annotations

Branches:
Dungeon (4/15) Zot: 306
 Temple: D:4-7

Altars:
Ashenzari
Cheibriados
Ru


Innate Abilities, Weirdness & Mutations

You passively map a small area around you.
You are easily found by Zot.
You glow in the dark.
You regain HP and MP as you explore.


Message History

Sorry, you're not good enough to have a special ability.
Found a spear.
A jelly comes into view.
Found a sacrificial altar of Ru.
The jelly quivers.
The jelly moves out of view.
You barely miss the jelly. The jelly barely misses you. x2
You slash the jelly!
Your hands burn!
The jelly is heavily wounded.
You block the jelly's attack.
You barely miss the jelly.
The jelly is heavily wounded.
The jelly hits you but does no damage.
You slash the jelly!
You kill the jelly!
There is a sacrificial altar of Ru here.
An ogre comes into view. It is wielding a +0 giant spiked club.
Found a dagger.
Found a broken altar of Ashenzari.
You hit the ogre.
The ogre is lightly wounded.
The ogre hits you with a +0 giant spiked club!!
You hit the ogre.
The ogre is lightly wounded.
The ogre hits you with a +0 giant spiked club.
You slash the ogre!
The ogre is heavily wounded.
The ogre hits you with a +0 giant spiked club!
* * * LOW HITPOINT WARNING * * *
You slash the ogre!
The ogre is severely wounded.
The ogre hits you with a +0 giant spiked club.
* * * LOW HITPOINT WARNING * * *
You aren't carrying any items that you can evoke.
You hit the ogre.
The ogre is severely wounded.
You hit the ogre.
The ogre is almost dead.
The ogre hits you with a +0 giant spiked club!
You die...

#......##...# ,... , ............
#......##♣♣♣♣♣♣♣.. ............
#.......#♣.....♣.# , ####....##.
#......##♣.._..♣.#########....###
#......##♣♣...♣♣.#.......#.......
#......##........#.......#.......
#......##...##...#.......#....†..
#...............O#.......#.....†.
#...............@#.....<.#.......
#.......)........#.......#.......
#.....#########.###..##.####'###.
#....#. ~ ..##*##*##.##...###.
#....*.~ ,..≈§ #........... #....
§≈≈§≈. #........... #... *
...≈§)*, ,,#........... ~._§§§ *
#........... ...§ , ,
##.##...#..#


You could see an ogre.

Vanquished Creatures
  A black bear (D:4)
  A phantom (D:4)
  A scorpion (D:4)
  A jelly (D:4)
  A hound (D:4)
  4 adders (D:4)
  A worm (D:2)
  2 dart slugs
  An orc (D:4)
  10 endoplasms
  2 giant cockroaches
  2 goblins
  5 hobgoblins
  7 jackals
  6 kobolds
  A quokka (D:3)
  6 ball pythons
  4 bats
  2 frilled lizards (D:1)
  2 rats
60 creatures vanquished.

Notes
Turn   | Place    | Note
-------+----------+-------------------------------------------
     0 | D:1      | RaHiT the Meteoran Fighter began the quest for the Orb.
     0 | D:1      | Reached XP level 1. HP: 19/19 MP: 2/2
   225 | D:1      | Reached XP level 2. HP: 25/26 MP: 3/3
   516 | D:1      | Reached XP level 3. HP: 19/31 MP: 4/4
   715 | D:2      | Reached skill level 4 in Armour
  1263 | D:2      | Reached skill level 1 in Evocations
  1298 | D:2      | Reached XP level 4. HP: 37/40 MP: 5/5
  1503 | D:3      | Found a snail-covered altar of Cheibriados.
  1654 | D:3      | Glimpsed the power of Zot.
  1702 | D:3      | Glimpsed the power of Zot.
  1730 | D:4      | Reached skill level 1 in Throwing
  1738 | D:4      | Noticed a scorpion
  1745 | D:4      | Killed a scorpion
  1746 | D:4      | Reached XP level 5. HP: 37/46 MP: 6/6
  1801 | D:4      | Noticed a phantom
  1821 | D:4      | Killed a phantom
  1822 | D:4      | Reached XP level 6. HP: 49/53 MP: 7/7
  1831 | D:4      | Noticed a black bear
  1843 | D:4      | Killed a black bear
  1844 | D:4      | Reached skill level 5 in Armour
  1886 | D:4      | Reached XP level 7. HP: 59/60 MP: 8/8
  1991 | D:4      | Found a sacrificial altar of Ru.
  2005 | D:4      | Found a broken altar of Ashenzari.
  2013 | D:4      | Slain by an ogre

Illustrated notes

Levels and vault maps discovered:
D:1:      minmay_arrival_shattered_statue, layout_basic, serial_glass,
          glass_columns_c, glass_columns_c, glass_columns_c, glass_columns_b,
          glass_columns_a, glass_columns_a, hangedman_decor_peaks_small
D:2:      layout_loops_ring, kennysheep_donut
D:3:      layout_loops_ring, mainiacjoe_overflow_concentric_impassable
D:4:      layout_gridville, mainiacjoe_overflow_alcove_1,
          mainiacjoe_overflow_paths

Skill      XL: |  1  2  3  4  5  6 |
---------------+-------------------+-----
Armour         | 4 5 |  5.3
Axes           | 3 4 |  4.5
Evocations     | 1 2 |  2.3
Shields        | 4 |  4.0
Throwing       | 1 2 |  2.3
Fighting       | 4 |  4.9

Action                   |  1- 3 |  4- 6 |  7- 9 || total
-------------------------+-------+-------+-------++-------
Melee: War axe           |   100 |    59 |    52 ||   211
Throw: Dart              |     3 |     1 |       ||     4
  Use: Scroll            |    10 |       |     2 ||    12
Armor: Scale mail        |    72 |    42 |    26 ||   140
Dodge: Dodged            |    44 |    23 |    18 ||    85
Block: Buckler           |    27 |    18 |    13 ||    58

Table legend: (Time is in decaauts)
 A = Elapsed time spent in this place.
 B = Non-inter-level travel time spent in this place.
 C = Inter-level travel time spent in this place.
 D = Time resting spent in this place.
 E = Time spent auto-exploring this place.
 F = Levels seen in this place.
 G = Mean time per level.
                   A        B        C        D        E       F      G
               +--------+--------+--------+--------+--------+-----+--------+
         Total |   2092 |   1936 |    156 |      0 |    253 |   4 |  523.0 |
       Dungeon |   2092 |   1936 |    156 |      0 |    253 |   4 |  523.0 |
               +--------+--------+--------+--------+--------+-----+--------+

Top non-repeatable levels by time:
     D:2: 741 daAuts
     D:1: 654 daAuts
     D:3: 376 daAuts
     D:4: 320 daAuts
